 Dungeon Crawl Stone Soup version 0.28-a0-802-g09f76e8c00 (webtiles) character file.

Game seed: 6686177419156402948

217 porpoise the Magician (level 5, -4/28 HPs)
             Began as a Deep Elf Conjurer on Nov 7, 2021.
             Slain by a mummy (7 damage)
             ... in an ossuary.
             The game lasted 00:13:18 (3761 turns).

porpoise the Magician (Deep Elf Conjurer)           Turns: 3761, Time: 00:13:20

Health: -4/28      AC:  3    Str:  4    XL:     5   Next: 62%
Magic:  0/15       EV: 12    Int: 24    God:
Gold:   77         SH:  0    Dex: 13    Spells: 5/16 levels left

rFire   . . .      SeeInvis .   b - +0 hunting sling
rCold   . . .      Faith    .   (no shield)
rNeg    . . .      Spirit   .   q - +0 robe
rPois   .          Reflect  .   (no helmet)
rElec   .          Harm     .   m - +0 cloak
rCorr   .          Rampage  .   (no gloves)
Will    .....                   (no boots)
Stlth   ++........              (no amulet)
HPRegen 0.09/turn               (no ring)
MPRegen 0.14/turn               (no ring)

@: no status effects
A: no striking features
a: no special abilities


You were in an ossuary.
You visited 1 branch of the dungeon, and saw 4 of its levels.
You also visited: Ossuary.

You collected 77 gold pieces.

Inventory:

Hand Weapons
 a - a +2 dagger of speed
 b - a +0 hunting sling (weapon)
Missiles
 h - 2 javelins
 j - 69 stones (quivered ammo)
 s - 3 boomerangs
Armour
 m - a +0 cloak (worn)
 q - a +0 robe (worn)
 r - a +0 buckler
Magical Staves
 o - a staff of conjuration
Potions
 d - a potion of resistance
 i - a potion of flight


   Skills:
 - Level 2.4 Dodging
 - Level 2.4 Stealth
 + Level 6.0 Spellcasting
 - Level 5.3 Conjurations
 + Level 3.4 Hexes


You had 5 spell levels left.
You knew the following spells:

 Your Spells              Type           Power      Damage    Failure   Level
a - Magic Dart            Conj           100%       1d8       1%          1
b - Searing Ray           Conj           66%        2d6       1%          2
c - Fulminant Prism       Conj/Hex       14%        3d9       13%         4
d - Iskenderun's Mystic   Conj/Tloc      20%        2d6       26%         4

Your spell library contained the following spells:

 Spells                   Type           Power      Damage    Failure   Level
 Dazzling Flash           Conj/Hex       56%        N/A       4%          3
 Ensorcelled Hibernation  Hex/Ice        30%        N/A       6%          2
 Tukima's Dance           Hex            23%        N/A       6%          3
 Inner Flame              Hex/Fire       15%        N/A       12%         3
 Cause Fear               Hex            11%        N/A       19%         4
 Spider Form              Tmut/Pois      7%         N/A       24%         3
 Discord                  Hex            11%        N/A       100%        8


Dungeon Overview and Level Annotations

Branches:
Dungeon (4/15)            Ossuary (1/1)
 Temple: D:4-7

Altars:
Gozag


Message History

The centaur zombie hits you.
* * * LOW HITPOINT WARNING * * *
The centaur zombie kicks you but does no damage.
You feel much better. The centaur zombie hits you.
The centaur zombie kicks you but does no damage.
Casting: Searing Ray (safe; 1% risk of failure)
Confirm with . or Enter, or press ? or * to list all spells.
Aiming: Searing Ray (safe; 1% risk of failure)
Press: ? - help, Shift-Dir - straight line, f - centaur zombie
Aim: a centaur zombie (100% to hit)
The searing ray hits the centaur zombie!
The centaur zombie is lightly damaged.
The searing ray hits the mummy.
The mummy is lightly damaged. (Press . to maintain the ray.)
The centaur zombie barely misses you. x2
The hobgoblin zombie hits you but does no damage.
The searing ray hits the mummy!
The mummy is heavily damaged.
The searing ray hits the centaur zombie.
The centaur zombie is moderately damaged.
The hobgoblin zombie hits you but does no damage.
The mummy hits you!
Ouch! That really hurt!
* * * LOW HITPOINT WARNING * * *
The searing ray hits the centaur zombie!
The centaur zombie is heavily damaged.
The centaur zombie hits you but does no damage.
The centaur zombie kicks you but does no damage.
The mummy hits you.
* * * LOW HITPOINT WARNING * * *
The hobgoblin zombie closely misses you.
Casting: Searing Ray (safe; 1% risk of failure)
Confirm with . or Enter, or press ? or * to list all spells.
You don't have enough magic to cast this spell.
Without enough magic to sustain it, your searing ray dissipates.
The centaur zombie barely misses you.
The centaur zombie kicks you but does no damage.
The mummy hits you!
You die...

# # ###########
.#.
#.#.#.#.##!!?!##
.^^
...^...^.......##
^Z.
.^.....^........##
...
......^.^^......∩#
Z^.
.^....^.........##
^..
..^^^..^..ZMM..##
.#.
#.#.#.#.##Z@M!## #
# #############


You could see 3 mummies, a hobgoblin zombie and a centaur zombie.

Vanquished Creatures
  A centaur zombie (Ossuary)
  An orc wizard (D:4)
  2 mummies (Ossuary)
  2 gnolls (D:1)
  2 adders (D:2)
  5 dart slugs
  8 orcs
  8 endoplasms
  4 giant cockroaches
  4 goblins
  6 hobgoblins
  2 jackals (D:4)
  A quokka (D:1)
  9 ball pythons
  11 bats
  9 frilled lizards
  6 kobolds
  2 rats
83 creatures vanquished.

Vanquished Creatures (others)
  A fulminant prism (Ossuary)
  A fungus (D:1)
  A plant (D:1)
3 creatures vanquished.

Grand Total: 86 creatures vanquished

Notes
Turn   | Place    | Note
-------+----------+-------------------------------------------
     0 | D:1      | porpoise the Deep Elf Conjurer began the quest for the Orb.
     0 | D:1      | Reached XP level 1. HP: 10/10 MP: 6/6
   271 | D:1      | Reached XP level 2. HP: 15/15 MP: 5/8
   301 | D:1      | Learned a level 2 spell: Searing Ray
   498 | D:1      | Reached skill level 4 in Spellcasting
   655 | D:1      | Reached skill level 5 in Conjurations
   655 | D:1      | Reached XP level 3. HP: 19/19 MP: 7/10
  1039 | D:1      | Found a faded altar of an unknown god.
  1577 | D:2      | Reached XP level 4. HP: 24/24 MP: 6/12
  1624 | D:2      | Learned a level 4 spell: Fulminant Prism
  1629 | D:2      | Learned a level 4 spell: Iskenderun's Mystic Blast
  1895 | D:2      | Found an opulent altar of Gozag.
  2003 | D:2      | Reached skill level 1 in Hexes
  2237 | D:2      | Reached skill level 5 in Spellcasting
  3690 | D:4      | Reached XP level 5. HP: 28/28 MP: 9/15
  3709 | D:4      | Found a sand-covered staircase.
  3718 | Ossuary  | Entered an ossuary
  3737 | Ossuary  | Reached skill level 6 in Spellcasting
  3761 | Ossuary  | Slain by a mummy

Illustrated notes

Levels and vault maps discovered:
D:1:      lemuel_arrival_muddy, layout_basic, ebering_ecumenical_altar_mist,
          serial_bayou_pond_b
D:2:      layout_loops_corners, basic_altar
D:3:      layout_loops_corners
D:4:      layout_layer_cave, serial_shops, nicolae_diamond_shop, enter_ossuary_4
Ossuary:  ossuary_the_hunt_dpeg

Skill      XL: |  1  2  3  4  5 |
---------------+----------------+-----
Spellcasting   | 4 5 6 |  6.0
Conjurations   | 5 |  5.3
Hexes          | 2 3 |  3.4
Dodging        | |  2.4
Stealth        | |  2.4

Action                   |  1- 3 |  4- 6 || total
-------------------------+-------+-------++-------
Melee: Unarmed           |     3 |       ||     3
 Fire: Hunting sling     |       |    12 ||    12
 Cast: Magic Dart        |    56 |    45 ||   101
       Searing Ray       |     2 |    13 ||    15
       Fulminant Prism   |       |     1 ||     1
  Use: Scroll            |     3 |     9 ||    12
       Potion            |       |     3 ||     3
Armor: Robe              |       |    20 ||    20
Dodge: Dodged            |     1 |    28 ||    29

Table legend: (Time is in decaauts)
 A = Elapsed time spent in this place.
 B = Non-inter-level travel time spent in this place.
 C = Inter-level travel time spent in this place.
 D = Time resting spent in this place.
 E = Time spent auto-exploring this place.
 F = Levels seen in this place.
 G = Mean time per level.
                   A        B        C        D        E       F      G
               +--------+--------+--------+--------+--------+-----+--------+
         Total |   3770 |   3689 |     81 |    954 |   2248 |   5 |  754.0 |
       Dungeon |   3727 |   3646 |     81 |    954 |   2248 |   4 |  931.8 |
       Ossuary |     43 |     43 |      0 |      0 |      0 |   1 |   43.0 |
               +--------+--------+--------+--------+--------+-----+--------+

Top non-repeatable levels by time:
     D:1: 1474 daAuts
     D:3: 1095 daAuts
     D:2: 1088 daAuts
     D:4: 69 daAuts
 Ossuary: 43 daAuts
